 Dungeon Crawl Stone Soup version 0.17-a0-1479-g4041c36 (webtiles) character file.

595 Parakulo the Skirmisher (level 7, 57/57 HPs)
             Began as a Formicid Fighter on July 3, 2015.
             Was a Priest of Ru.
             Quit the game on level 5 of the Dungeon.
             The game lasted 00:14:17 (3854 turns).

Parakulo the Skirmisher (Formicid Fighter)          Turns: 3854, Time: 00:14:18

Health: 57/57      AC:  9    Str: 21    XL:     7   Next: 67%
Magic:  7/7        EV:  9    Int: 11    God:    Ru [***...]
Gold:   175        SH:  0    Dex: 12    Spells: 0 memorised, 6 levels left

rFire  . . .     SeeInvis +     a - +0 trident
rCold  . . .     Clarity  .     b - +0 scale mail
rNeg   . . .     SustAt   .     (shield unavailable)
rPois  .         Gourm    .     (helmet unavailable)
rElec  .         Spirit   +     j - +1 cloak
rCorr  .         Warding  .     (no gloves)
rMut   .         Stasis   +     (no boots)
MR     .....                    p - amulet of the Traitor {Spirit Int+4}
Stlth  +.........               x - ring of stealth
                                (ring unavailable)

@: not resistant to hostile enchantments, very unstealthy
A: permanent stasis, dig shafts and tunnels, four strong arms, antennae 3,
missing a hand
a: Dig, Shaft Self, Draw Out Power, Renounce Religion


You were on level 5 of the Dungeon.
You worshipped Ru.
Ru was most pleased with you.
You were not hungry.

You visited 2 branches of the dungeon, and saw 6 of its levels.

You collected 175 gold pieces.

Inventory:

Hand weapons
 a - a +0 trident (weapon)
 h - a +3 quarterstaff of chaos
 t - a +0 hunting sling
Missiles
 g - 292 stones
 k - a throwing net (quivered)
Armour
 b - a +0 scale mail (worn)
 c - a +0 shield
 j - a +1 cloak (worn)
Jewellery
 p - the amulet of the Traitor (around neck) {Spirit Int+4}
   (You found it on level 4 of the Dungeon)

   [amulet of guardian spirit]

   It causes incoming damage to be split between your health and magic.
   It affects your intelligence (+4).
 x - a ring of stealth (right hand)
 B - an uncursed ring of magical power
 D - an uncursed amulet of warding
Magical devices
 m - a wand of magic darts (36)
Scrolls
 f - a scroll of enchant weapon
 i - a scroll of fog {unknown}
 l - 5 scrolls of identify
 r - a scroll of noise {unknown}
 w - a scroll of amnesia {unknown}
 y - a scroll of recharging
 F - a scroll of remove curse
Potions
 d - a potion of might
 n - a potion of mutation {unknown}
 q - 4 potions of curing
 s - a potion of magic {unknown}
 v - a potion of poison {unknown}
 A - a potion of brilliance
 C - a potion of haste {unknown}
Comestibles
 e - 4 bread rations
 u - 4 slices of pizza
 z - 3 meat rations
 E - a royal jelly


   Skills:
 + Level 5.9 Fighting
 + Level 4.6 Polearms
 + Level 0.9 Slings
 - Level 3.2 Armour


You had 6 spell levels left.
You didn't know any spells.

Dungeon Overview and Level Annotations

Branches:
Dungeon (5/15)             Temple (1/1) D:4

Altars:
Ashenzari
Cheibriados
Dithmenos
Gozag
Okawaru
Qazlal
Ru
Sif Muna
Vehumet
Xom
Yredelemnul
Zin
The Shining One


Innate Abilities, Weirdness & Mutations

You are under a permanent stasis effect.
You can dig through walls and to a lower floor.
Your four strong arms can wield two-handed weapons with a shield.
You have a pair of large antennae on your head (SInv).
You are missing a hand.


Message History

All of the chunks of flesh in your inventory have rotted away.
Ru believes you are ready to make a new sacrifice.
Use which ability? (? or * to list) Ru asks you to sacrifice one of your hands.
This is an incredible sacrifice.
Do you really want to make this sacrifice?
One of your hands has vanished, leaving only a stump!
Your Shields skill lost 6 levels and is now at level 0!
You can no longer hold your +0 shield!
You can no longer wear your ring of stealth!
You put your uncursed ring of stealth back on your other hand!
x - a ring of stealth (right hand)
You exude an aura of power that intimidates your foes.
Your aura of power can strike those that harm you.
You can now heal your body and restore your magic.
Use which ability? (? or * to list)
Okay, then.
Quiver which item? (- for none, * to show all) (? for menu, Esc to quit)
Okay, then.
Are you sure you want to abandon this character and quit the game? (Confirm with "yes".)

#.'......<....
#.#...........
#.###.........
#####.###.........
#.....#......####'
#.###..........##.
#.# #..........##.
#.# #(.........##.
###@###).........##.
#...#............##.
#.###.###.#########.
#.###.###...........
#......##.......####
###.#...'........#
#.#####........#
#.....'........#
#######........#


There were no monsters in sight!

Vanquished Creatures
  Menkaure (D:4)
  A centaur (D:5)
  A centaur skeleton (D:4)
  A giant frog skeleton (D:5)
  A jelly (D:5)
  Crazy Yiuf (D:3)
  Ijyb (D:2)
  An orc wizard (D:5)
  2 worker ants
  Natasha (D:4)
  Robin (D:4)
  5 adders
  An ooze (D:2)
  2 worms
  2 giant geckos (D:1)
  6 orcs
  3 giant cockroaches
  9 hobgoblins
  15 jackals
  3 ball pythons
  8 bats
  A giant newt (D:3)
  10 goblins
  12 kobolds
  A quokka (D:3)
  7 rats
97 creatures vanquished.

Notes
Turn   | Place    | Note
--------------------------------------------------------------
     0 | D:1      | Parakulo the Formicid Fighter began the quest for the Orb.
     0 | D:1      | Reached XP level 1. HP: 18/18 MP: 1/1
   213 | D:1      | Reached XP level 2. HP: 14/25 MP: 2/2
   373 | D:1      | Reached skill level 4 in Fighting
   673 | D:2      | Reached XP level 3. HP: 28/30 MP: 3/3
   842 | D:2      | Noticed Ijyb
   849 | D:2      | Killed Ijyb
   849 | D:2      | Reached XP level 4. HP: 36/38 MP: 4/4
  1537 | D:2      | Reached XP level 5. HP: 31/43 MP: 5/5
  2192 | D:3      | Reached skill level 5 in Shields
  2314 | D:3      | Noticed Crazy Yiuf
  2325 | D:3      | HP: 2/43 [Crazy Yiuf/quarterstaff of chaos (5)]
  2330 | D:3      | Killed Crazy Yiuf
  2698 | D:4      | Noticed Menkaure
  2708 | D:4      | Killed Menkaure
  2708 | D:4      | Reached skill level 5 in Fighting
  2708 | D:4      | Reached XP level 6. HP: 31/51 MP: 6/6
  2751 | D:4      | Noticed Robin
  2757 | D:4      | Killed Robin
  2882 | D:4      | Found a staircase to the Ecumenical Temple.
  2888 | Temple   | Entered the Ecumenical Temple
  2987 | Temple   | Became a worshipper of Ru the Awakened
  3071 | D:4      | Noticed Natasha
  3084 | D:4      | Killed Natasha
  3103 | D:4      | Got a heavily runed bronze amulet
  3104 | D:4      | Identified the amulet of the Traitor {Spirit Int+4} (You found it on level 4 of the Dungeon)
  3173 | D:4      | Reached XP level 7. HP: 46/56 MP: 5/7
  3289 | D:5      | Entered Level 5 of the Dungeon
  3507 | D:5      | Reached skill level 6 in Shields
  3550 | D:5      | Found a shadowy altar of Dithmenos.
  3731 | D:5      | Found a shattered altar of Ashenzari.
  3851 | D:5      | Gained mutation: You are missing a hand. [Ru sacrifice]
  3851 | D:5      | Acquired Ru's first power
  3851 | D:5      | Acquired Ru's second power
  3851 | D:5      | Acquired Ru's third power
  3854 | D:5      | Quit the game

Vault maps used:
D:1:      lemuel_arrival_behind_the_door_small
D:2:      uniq_iyjb
D:3:      uniq_crazy_yiuf_cottage
D:4:      minmay_temple_entry_glassed_door, uniq_menkaure, uniq_natasha,
          uniq_robin
D:5:      lemuel_crystal_altar, first_bread, grunt_dithmenos_smoke
Temple:   triangle_lava_temple_11

Action                   |  1- 3 |  4- 6 |  7- 9 || total
-------------------------+-------+-------+-------++-------
Melee: Trident           |    82 |   242 |   113 ||   437
 Fire: Hunting sling     |     4 |       |       ||     4
Throw: Throwing net      |       |     1 |       ||     1
Invok: Sacrifice a Hand  |       |       |     1 ||     1
  Use: Scroll            |       |    10 |       ||    10
       Potion            |       |     4 |       ||     4
  Eat: Chunk             |       |     8 |     2 ||    10
